 Dungeon Crawl Stone Soup version 0.30-b1-2-g02819fbbbe (webtiles) character file.

Game seed: 4651443889208133665

4015 qborf the Jinx (level 10, -32/76 HPs)
             Began as a Formicid Enchanter on May 14, 2023.
             Was a Follower of Cheibriados.
             Annihilated by Gastronok (33 damage)
             ... on level 8 of the Dungeon.
             The game lasted 00:16:01 (8671 turns).

qborf the Jinx (Formicid Enchanter)                 Turns: 8671, Time: 00:16:01

Health: -32/76     AC:  5    Str: 16    XL:     10   Next: 47%
Magic:  16/18      EV: 12    Int: 20    God:    Cheibriados [*.....]
Gold:   449        SH:  4    Dex: 16    Spells: 12/20 levels left

rFire   + . .        a - +2 dagger (holy)
rCold   . . .        L - +0 buckler
rNeg    . . .        t - +2 robe {Will+}
rPois   .            (helmet unavailable)
rElec   .            K - +0 cloak
rCorr   .            (no gloves)
SInv    +            (no boots)
Will    ++...        M - amulet of the acrobat
Stlth   ++++         f - ring of protection from fire
HPRegen 0.32/turn    (no ring)
MPRegen 0.16/turn

%: acrobat
@: very slow
A: permanent stasis, dig shafts and tunnels, antennae 3, four strong arms
a: Dig, Shaft Self, Renounce Religion, Bend Time


You were on level 8 of the Dungeon.
You worshipped Cheibriados.
Cheibriados was aware of your devotion.
You visited 2 branches of the dungeon, and saw 9 of its levels.

You collected 477 gold pieces.
You spent 28 gold pieces at shops.

Inventory:

Hand Weapons
 a - a +2 dagger of holy wrath (weapon)
 o - a +2 war axe of freezing
 u - a +0 long sword of holy wrath
 x - a +0 broad axe
 E - a +4 whip
Missiles
 d - 2 silver javelins
 m - 5 boomerangs (quivered)
 p - 8 poisoned darts
Armour
 t - a +2 robe of willpower (worn)
 K - a +0 cloak (worn)
 L - a +0 buckler (worn)
 O - +0 acid dragon scales
Jewellery
 f - a ring of protection from fire (left hand)
 M - an amulet of the acrobat (around neck)
Wands
 A - a wand of flame (20)
 H - a wand of roots (5)
 J - a wand of digging (6)
 N - a wand of light (13)
Scrolls
 i - 3 scrolls of magic mapping
 j - 4 scrolls of poison
 l - 2 scrolls of torment
 n - 4 scrolls of enchant weapon {unknown}
 v - 2 scrolls of fear {unknown}
 w - 2 scrolls of amnesia {unknown}
 y - a scroll of noise {unknown}
 C - 2 scrolls of fog {unknown}
 D - 2 scrolls of enchant armour {unknown}
 F - a scroll of vulnerability {unknown}
 G - a scroll of butterflies {unknown}
Potions
 b - a potion of magic {unknown}
 c - a potion of invisibility
 e - 5 potions of mutation {unknown}
 g - 8 potions of curing
 h - a potion of brilliance {unknown}
 k - a potion of might {unknown}
 q - 3 potions of heal wounds {unknown}
 r - 3 potions of degeneration {unknown}
 s - 5 potions of flight {unknown}
 z - a potion of haste {unknown}
 B - a potion of lignification {unknown}
 I - 2 potions of attraction {unknown}


   Skills:
 + Level 5.8 Fighting
 + Level 5.5 Short Blades
 - Level 1.7 Dodging
 + Level 8.4 Stealth
 + Level 0.7 Shields
 + Level 5.9 Spellcasting
 * Level 10.3 Hexes
 - Level 3.0 Ice Magic
 + Level 3.0 Invocations


You had 12 spell levels left.
You knew the following spells:

 Your Spells              Type           Power      Damage    Failure   Level
a - Ensorcelled Hibernat  Hex/Ice        64%        N/A       1%          2
b - Confusing Touch       Hex            47%        N/A       1%          3
c - Tukima's Dance        Hex            47%        N/A       1%          3

Your spell library contained the following spells:

 Spells                   Type           Power      Damage    Failure   Level
 Dazzling Flash           Conj/Hex       52%        N/A       4%          3
 Foxfire                  Conj/Fire      20%        2x1d5     14%         1
 Shock                    Conj/Air       20%        1d4       14%         1
 Sting                    Tmut/Pois      20%        1d4       14%         1
 Lesser Beckoning         Tloc           10%        N/A       22%         2
 Poisonous Vapours        Pois/Air       10%        N/A       22%         2
 Sublimation of Blood     Necr           5%         N/A       22%         2
 Wereblood                Tmut           5%         N/A       22%         2
 Gell's Gravitas          Tloc           5%         N/A       38%         3
 Teleport Other           Tloc           5%         N/A       38%         3
 Airstrike                Air            2%         2d(1-17)  80%         4
 Flame Wave               Conj/Fire      5%         2d5       80%         4
 Olgreb's Toxic Radiance  Pois           5%         N/A       80%         4
 Freezing Cloud           Conj/Ice/Air   4%         6-21      95%         5
 Fireball                 Conj/Fire      2%         3d4       98%         5
 Conjure Ball Lightning   Conj/Air       2%         3x3d6     100%        6
 Summon Hydra             Summ           2%         N/A       100%        7
 Ignition                 Fire           2%         3d3       100%        8
 Swiftness                Air            Unusable   N/A       N/A         3
 Vhi's Electric Charge    Tloc/Air       Unusable   N/A       N/A         3

Dungeon Overview and Level Annotations

Branches:
Dungeon (8/15)             Temple (1/1) D:7
   Lair: D:8-11

Altars:
Ashenzari
Cheibriados
Dithmenos
Elyvilon
Gozag
Hepliaklqana
Kikubaaqudgha
Nemelex Xobeh
Okawaru
Qazlal
Ru
Sif Muna
Trog
Uskayaw
Vehumet
Yredelemnul
The Shining One

Shops:
D:2 ?

Annotations:
D:4 2 transporters, CcS's ghost, novice MiFi
D:7 1 runed translucent door, Crazy Yiuf
D:8 Gastronok


Innate Abilities, Weirdness & Mutations

You cannot be hasted, slowed, berserked, paralysed or teleported.
You can dig through walls and to a lower floor.
You have a pair of large antennae on your head. (SInv)
Your four strong arms can wield two-handed weapons with a shield.


Message History

Gastronok bites you!!
Casting: Ensorcelled Hibernation (safe; 1% risk of failure)
Confirm with . or Enter, or press ? or * to list all spells.
Your hands begin to glow red.
Gastronok bites you!!
You hit Gastronok but do no damage.
Gastronok appears confused.
You catch the helpless Gastronok completely off-guard!
You impale Gastronok!!
Gastronok is lightly wounded.
You hit Gastronok.
Gastronok is lightly wounded.
You hit Gastronok.
Gastronok is lightly wounded.
You hit Gastronok.
Gastronok is moderately wounded.
You hit Gastronok but do no damage.
Gastronok is moderately wounded.
Gastronok barely misses you.
You hit Gastronok but do no damage.
Gastronok is lightly wounded.
You hit Gastronok.
Gastronok is moderately wounded.
You strike the helpless Gastronok from behind!
You impale Gastronok!!
Gastronok is moderately wounded.
You hit Gastronok.
Gastronok is heavily wounded.
You hit Gastronok.
Gastronok is heavily wounded.
You completely miss Gastronok.
Gastronok is heavily wounded.
You hit Gastronok.
Gastronok is heavily wounded.
Gastronok bites you!!
* * * LOW HITPOINT WARNING * * *
You hit Gastronok.
Gastronok is heavily wounded.
You hit Gastronok.
Gastronok is heavily wounded.
Gastronok bites you!!
You die...

#.....###..>.............
#####.####...............
####.)#..##.......(.........
#.....#.....................
#).......!............#.....
#.................#..###....
#####......###....#..##.....
#.......#..##.#..##.....
##?....@...##...........
#.#.#.. ##......# #.......


You could see Gastronok (confused).

Vanquished Creatures
  Maurice (D:8)
  Maggie (D:8)
  A troll (D:6)
  Sigmund (D:3)
  Menkaure (D:7)
  A water moccasin (D:8)
  A sky beast (D:7)
  An orc warrior (D:6)
  6 black bears
  3 ogres
  A phantom (D:6)
  A centaur (D:7)
  Blork the orc (D:4)
  2 scorpions
  2 bullfrogs
  3 wights (D:8)
  4 hounds
  An orc priest (D:7)
  A jelly (D:6)
  3 sleepcaps
  2 iguanas (D:5)
  7 orc wizards
  3 gnolls (D:5)
  12 adders
  2 shadow imps (D:7)
  5 white imps
  2 worms (D:2)
  26 orcs
  2 ball pythons (D:3)
  4 bats
  6 endoplasms
  6 giant cockroaches
  5 goblins
  7 hobgoblins
  4 jackals (D:1)
  3 quokkas
  2 frilled lizards (D:2)
  3 kobolds
  5 rats
142 creatures vanquished.

Vanquished Creatures (collateral kills)
  An orc warrior (D:8)
  5 wights
  An orc priest (D:7)
  A jelly (D:8)
  7 orcs
15 creatures vanquished.

Vanquished Creatures (others)
  4 dancing weapons
4 creatures vanquished.

Grand Total: 161 creatures vanquished

Notes
Turn   | Place    | Note
-------+----------+-------------------------------------------
     0 | D:1      | qborf the Formicid Enchanter began the quest for the Orb.
     0 | D:1      | Reached XP level 1. HP: 13/13 MP: 3/3
   209 | D:1      | Reached XP level 2. HP: 16/20 MP: 5/5
   225 | D:1      | Learned a level 2 spell: Ensorcelled Hibernation
   410 | D:1      | Reached skill level 4 in Hexes
   906 | D:2      | Reached XP level 3. HP: 25/25 MP: 3/6
  1040 | D:2      | Found Taicor's Magic Scroll Shop.
  1100 | D:2      | Bought a scroll of identify for 28 gold pieces
  1176 | D:2      | Reached XP level 4. HP: 15/31 MP: 0/7
  1262 | D:2      | Reached skill level 1 in Fighting
  1262 | D:2      | Reached skill level 1 in Ice Magic
  1362 | D:2      | Learned a level 3 spell: Confusing Touch
  1841 | D:3      | Noticed Sigmund
  1880 | D:3      | Killed Sigmund
  1881 | D:3      | Reached skill level 5 in Hexes
  1881 | D:3      | Reached XP level 5. HP: 38/38 MP: 5/9
  1881 | D:3      | Reached XP level 6. HP: 44/44 MP: 5/10
  1964 | D:3      | Found an iron altar of Okawaru.
  2221 | D:3      | Found a stormy altar of Qazlal.
  2807 | D:4      | Learned a level 3 spell: Tukima's Dance
  2817 | D:4      | Reached XP level 7. HP: 50/50 MP: 7/11
  2892 | D:4      | Found a transporter.
  2892 | D:4      | Noticed CcS's ghost (novice MiFi)
  2915 | D:4      | Found a transporter.
  2962 | D:4      | Reached skill level 5 in Stealth
  3242 | D:3      | HP: 2/51 [ogre/+0 giant spiked club (29)]
  3245 | D:3      | Reached skill level 6 in Hexes
  3465 | D:4      | Found a hide-covered altar of Uskayaw.
  3613 | D:4      | Got Holull's Thoughts on the Stinger and the Storm
  3876 | D:4      | Noticed Blork the orc
  3887 | D:4      | Killed Blork the orc
  3965 | D:4      | Found a broken altar of Ashenzari.
  3996 | D:5      | Entered Level 5 of the Dungeon
  4004 | D:5      | Reached XP level 8. HP: 57/57 MP: 13/13
  4628 | D:5      | Reached skill level 7 in Hexes
  5601 | D:6      | Reached XP level 9. HP: 65/65 MP: 3/15
  5818 | D:6      | Reached skill level 8 in Hexes
  6083 | D:6      | Noticed a troll
  6138 | D:6      | Found a sparkling altar of Nemelex Xobeh.
  6671 | D:7      | Noticed Menkaure
  6742 | D:7      | Reached skill level 5 in Spellcasting
  6758 | D:7      | Killed Menkaure
  6858 | D:7      | Reached skill level 9 in Hexes
  6999 | D:7      | Found a staircase to the Ecumenical Temple.
  7090 | D:7      | Reached skill level 5 in Fighting
  7243 | Temple   | Entered the Ecumenical Temple
  7314 | Temple   | Became a worshipper of Cheibriados the Contemplative
  7354 | D:7      | Found a shadowy altar of Dithmenos.
  7680 | D:7      | Found a runed translucent door.
  7681 | D:7      | Noticed Crazy Yiuf
  7821 | D:8      | Reached skill level 5 in Short Blades
  7821 | D:8      | Reached skill level 1 in Invocations
  7826 | D:8      | Reached XP level 10. HP: 74/74 MP: 15/18
  7863 | D:8      | Noticed Gastronok
  7863 | D:8      | Noticed Maurice
  8179 | D:8      | Reached * piety under Cheibriados
  8180 | D:8      | Reached skill level 10 in Hexes
  8330 | D:8      | Killed Maurice
  8388 | D:8      | Got Puolekhli's Parchment of Flames
  8525 | D:8      | Noticed Maggie
  8530 | D:8      | Killed Maggie
  8603 | D:8      | Found a basalt altar of Yredelemnul.
  8604 | D:8      | Found a bloodstained altar of Trog.
  8669 | D:8      | HP: 1/76 [Gastronok (29)]
  8671 | D:8      | Annihilated by Gastronok

Illustrated notes

Levels and vault maps discovered:
D:1:      minmay_arrival_jagged, layout_loops_cross
D:2:      layout_loops_ring, serial_shops, nicolae_square_shop,
          kennysheep_generic_room_6
D:3:      layout_basic, nicolae_qazlal_general_emergency,
          mainiacjoe_overflow_concentric_impassable, uniq_sigmund
D:4:      minmay_wonky_spiral, layout_loops_ring,
          eat_drink_and_be_merry_uskayaw, kennysheep_mini_moat,
          gammafunk_ghost_arena, minivault_1, uniq_blork_the_orc
D:5:      layout_loops_ring, kennysheep_nondescript,
          nicolae_concentric_dashed_squares_wild
D:6:      layout_gridville, nemelex_dance_club_becter, wad_rectangle_vault
D:7:      layout_cave_pools, old_standard_altar, minmay_temple_entry_tees,
          wad_floor_pattern_1, uniq_crazy_yiuf_cottage, uniq_menkaure
D:8:      layout_cave_pools, zin_angel, gammafunk_temple_overflow_statue,
          uniq_gastronok, uniq_maurice, uniq_maggie
Temple:   compressed_dpeg_triangle_lava_temple

Skill      XL: |  1  2  3  4  5  6  7  8  9 10 |
---------------+-------------------------------+-----
Hexes          | 4 5 6 7 9 10 | 10.3
Stealth        | 4 5 6 7 8 |  8.4
Fighting       | 1 2 4 5 |  5.8
Ice Magic      | 2 3 |  3.0
Short Blades   | 2 3 5 |  5.5
Spellcasting   | 3 4 5 |  5.9
Invocations    | 1 3 |  3.0
Dodging        | |  1.7
Shields        | |  0.7

Action                     |  1- 3 |  4- 6 |  7- 9 | 10-12 || total
---------------------------+-------+-------+-------+-------++-------
  Melee: Dagger            |    87 |    63 |   264 |    45 ||   459
         Punch             |     1 |     1 |     4 |     1 ||     7
  Throw: Boomerang         |       |       |     1 |       ||     1
   Cast: Ensorcelled Hiber |    10 |    16 |    80 |    10 ||   116
         Confusing Touch   |       |     1 |    16 |     1 ||    18
         Tukima's Dance    |       |       |    14 |     9 ||    23
    Use: Scroll            |     2 |       |     1 |     1 ||     4
         Potion            |       |     3 |       |       ||     3
   Stab: Sleeping          |     8 |    15 |    55 |     4 ||    82
         Invisible         |       |     1 |       |       ||     1
         Confused          |       |     1 |    13 |     2 ||    16
 Armour: Robe              |    17 |     8 |    35 |     4 ||    64
  Dodge: Dodged            |    47 |    30 |   115 |    15 ||   207
